 Dungeon Crawl Stone Soup version 0.20.1-1-g8b1a95d (webtiles) character file.

802 JackS81 the Slasher (level 7, -4/52 HPs)
             Began as a Demonspawn Berserker on Aug 21, 2017.
             Was a Priest of Trog.
             Killed by divine providence
             ... invoked by an orc priest
              (14 damage)
             ... on level 5 of the Dungeon.
             The game lasted 00:21:56 (3632 turns).

JackS81 the Slasher (Demonspawn Berserker)          Turns: 3632, Time: 00:21:57

Health: -4/52      AC: 13    Str: 19    XL:     7   Next: 59%
Magic:  7/7        EV:  8    Int: 10    God:    Trog [***...]
Gold:   340        SH:  0    Dex: 13    Spells: 6/6 levels left

rFire    + + .     SeeInvis .   a - +1 falchion
rCold    + . .     Gourm    .   (no shield)
rNeg     . . .     Faith    .   p - +4 chain mail {rF+}
rPois    .         Spirit   .   (helmet restricted)
rElec    .         Reflect  .   (no cloak)
rCorr    .         Harm     +   (no gloves)
MR       ++...                  (no boots)
Stlth    ..........             K - amulet of harm
Regen    1.2/turn               (no ring)
MPRegen  0.1/turn               (no ring)

@: regenerating
A: claws 1, hooves 2, horns 1, clever 1, cold resistance 1, demonic guardian 1,
fire resistance 1, no potion heal 1
a: Berserk, Trog's Hand, Burn Spellbooks, Renounce Religion


You were on level 5 of the Dungeon.
You worshipped Trog.
Trog was most pleased with you.
You were hungry.

You visited 1 branch of the dungeon, and saw 5 of its levels.

You collected 340 gold pieces.

Inventory:

Hand Weapons
 a - a +1 falchion (weapon)
 t - a +0 hunting sling
 x - a +3 quarterstaff of chaos
 y - a +0 mace
 A - a +0 blowgun
 B - a +1 spear of pain
 F - a cursed -2 hand axe
Missiles
 h - 159 stones (quivered)
 m - 4 needles of paralysis
 E - 18 poisoned needles
Armour
 b - a +0 animal skin
 k - a +0 ring mail
 p - a +4 chain mail of fire resistance (worn)
 L - a +1 leather armour of positive energy
Jewellery
 K - an amulet of harm (around neck)
Wands
 N - a wand of random effects (4/48)
 P - a wand of clouds (7/9)
Scrolls
 e - a scroll of magic mapping
 g - a scroll of recharging
 n - 3 scrolls of identify
 w - 4 scrolls of teleportation
 C - a scroll of blinking
 J - a scroll of enchant armour
Potions
 l - 3 potions of curing
 o - a potion of agility
 q - a potion of heal wounds
 u - a potion of resistance
 v - a potion of might
 z - a potion of haste
Comestibles
 c - 8 bread rations
 f - 4 meat rations
 j - 7 fruits
 O - a royal jelly


   Skills:
 - Level 3.0 Fighting
 * Level 7.8 Long Blades
 + Level 3.3 Armour
 - Level 1.7 Dodging


You had 6 spell levels left.
You didn't know any spells.

Dungeon Overview and Level Annotations

Branches:
Dungeon (5/15)
 Temple: D:4-7

Altars:
Cheibriados
Sif Muna
Xom


Innate Abilities, Weirdness & Mutations

You have sharp fingernails.
You have hoof-like feet.
You have a pair of small horns on your head.
Your flesh is cold resistant. (rC+)
A weak demonic guardian rushes to your aid.
Your mind is acute. (Int +2)
Your flesh is heat resistant. (rF+)
Potions are less effective at restoring your health.


Message History

You kill the orc priest!
Trog accepts your kill.
You slash the ball python zombie!
You destroy the ball python zombie!
Trog accepts your kill.
The orc priest mumbles some strange prayers to Beogh against you.
Beogh smites you!
You hit the orc priest.
You headbutt the orc priest, but do no damage.
The orc priest is lightly wounded.
The orc priest hits you but does no damage.
The orc priest mumbles some strange prayers to Beogh against you.
Beogh smites you!
* * * LOW HITPOINT WARNING * * *
You swap places.
Your white imp barely misses the orc priest.
The orc priest hits your white imp with a short sword.
The orc priest calls down the wrath of Beogh upon you.
Beogh smites you!
You die...

###### #..... ####.####
#........ #########
#.##.#..# #...o5@.#
#.##.#... ###o###'##
#.##.#... ... #...#
#.##.#### ..##o #...###
#.##..... ## #. #...+.#
#.####### #Z #...#.#
#.# #o #...#.# #.# ..
#.....# #.#
.#####.########.#######


You could see 2 orc priests and a friendly white imp.

Vanquished Creatures
  Duvessa (D:4)
  A phantom (D:4)
  A centaur (D:5)
  A bullfrog (D:5)
  Dowan (D:4)
  A howler monkey (D:4)
  2 orc priests
  A hound (D:4)
  An orc wizard (D:3)
  Robin (D:2)
  8 adders
  An ooze (D:4)
  2 worms
  2 dart slugs
  A leopard gecko (D:4)
  3 orcs (D:3)
  2 giant cockroaches
  16 goblins
  10 hobgoblins
  3 jackals (D:4)
  6 kobolds
  6 quokkas
  2 ball pythons
  A ball python zombie (D:5)
  8 bats
  7 frilled lizards
  9 rats
98 creatures vanquished.

Vanquished Creatures (collateral kills)
  An ice beast (D:5)
  Crazy Yiuf (D:2)
  Terence (D:2)
  2 orcs
  A kobold (D:2)
6 creatures vanquished.

Grand Total: 104 creatures vanquished

Notes
Turn   | Place    | Note
-------+----------+-------------------------------------------
     0 | D:1      | JackS81 the Demonspawn Berserker began the quest for the Orb.
     0 | D:1      | Reached XP level 1. HP: 18/18 MP: 1/1
    65 | D:1      | Reached skill level 3 in Long Blades
    91 | D:1      | Gained mutation: A weak demonic guardian rushes to your aid. [demonic ancestry]
    91 | D:1      | Reached XP level 2. HP: 23/24 MP: 2/2
   835 | D:2      | Noticed Terence
   842 | D:2      | Killed Terence
   842 | D:2      | Reached skill level 4 in Long Blades
   842 | D:2      | Gained mutation: You have large cloven feet. [demonic ancestry]
   842 | D:2      | Reached XP level 3. HP: 29/29 MP: 3/3
   993 | D:2      | Reached ** piety under Trog
  1052 | D:2      | Noticed Robin
  1091 | D:2      | Killed Robin
  1091 | D:2      | Gained mutation: You have hoof-like feet. [demonic ancestry]
  1091 | D:2      | Reached XP level 4. HP: 35/35 MP: 4/4
  1498 | D:2      | Reached skill level 5 in Long Blades
  1523 | D:2      | Found a runed door.
  1528 | D:2      | Noticed Crazy Yiuf
  1534 | D:2      | Killed Crazy Yiuf
  1534 | D:2      | Gained mutation: You have sharp fingernails. [demonic ancestry]
  1534 | D:2      | Reached XP level 5. HP: 41/41 MP: 5/5
  2080 | D:3      | Found a shimmering altar of Xom.
  2206 | D:3      | Reached *** piety under Trog
  2456 | D:4      | Noticed Duvessa
  2456 | D:4      | Noticed Dowan
  2591 | D:4      | Found a snail-covered altar of Cheibriados.
  2618 | D:4      | Reached skill level 6 in Long Blades
  2756 | D:4      | Gained mutation: You have a pair of small horns on your head. [demonic ancestry]
  2756 | D:4      | Reached XP level 6. HP: 45/47 MP: 6/6
  2837 | D:4      | Killed Duvessa
  2842 | D:4      | Killed Dowan
  3151 | D:4      | Reached skill level 7 in Long Blades
  3151 | D:4      | Gained mutation: Your flesh is cold resistant. (rC+) [demonic ancestry]
  3151 | D:4      | Reached XP level 7. HP: 38/52 MP: 7/7
  3389 | D:4      | Gained mutation: Your flesh is heat resistant. (rF+) [potion of mutation]
  3389 | D:4      | Gained mutation: Potions are less effective at restoring your health. [potion of mutation]
  3389 | D:4      | Gained mutation: Your mind is acute. (Int +2) [potion of mutation]
  3422 | D:5      | Entered Level 5 of the Dungeon
  3598 | D:5      | Found a deep blue altar of Sif Muna.
  3632 | D:5      | Killed from afar by an orc priest

Skill      XL: |  1  2  3  4  5  6  7 |
---------------+----------------------+-----
Long Blades    | 3 4 5 6 7 |  7.8
Armour         | 2 3 |  3.3
Fighting       | |  3.0
Dodging        | |  1.7

Action                   |  1- 3 |  4- 6 |  7- 9 || total
-------------------------+-------+-------+-------++-------
Melee: Falchion          |    86 |   185 |    15 ||   286
       Kick              |     9 |    48 |     8 ||    65
       Headbutt          |       |     7 |     4 ||    11
Throw: Stone             |     3 |     5 |       ||     8
Invok: Berserk           |     1 |       |       ||     1
       Trog's Hand       |       |     3 |     2 ||     5
  Use: Scroll            |       |       |    10 ||    10
       Potion            |       |       |    10 ||    10
 Stab: Sleeping          |     1 |       |       ||     1
       Invisible         |       |     1 |       ||     1
  Eat: Chunk             |     1 |     7 |     1 ||     9
       Fruit             |       |     1 |     1 ||     2
Armor: Ring mail         |    10 |       |       ||    10
       Animal skin       |     6 |       |       ||     6
       Chain mail        |    23 |   121 |     9 ||   153
Dodge: Dodged            |    46 |    55 |     4 ||   105
       Rpst.: Falchion   |    10 |    14 |     1 ||    25
